 Dungeon Crawl Stone Soup version 0.31-a0-234-gad7ace16ef (webtiles) character file.

Game seed: 13160318499537487704

2 qw the Vexing (level 1, 0/12 HPs)
             Began as a Gargoyle Hexslinger on July 9, 2023.
             Slain by a goblin
             ... wielding a +0 club
              (4 damage)
             ... on level 1 of the Dungeon.
             The game lasted 00:00:03 (75 turns).

qw the Vexing (Gargoyle Hexslinger)                   Turns: 75, Time: 00:00:03

Health: 0/12       AC:  4    Str: 11    XL:     1   Next: 40%
Magic:  2/2        EV: 12    Int: 13    God:
Gold:   4          SH:  0    Dex: 12    Spells: 1/2 levels left

rFire   . . .        a - +1 sling
rCold   . . .        (no shield)
rNeg    + . .        c - +0 robe
rPois   inf          (no helmet)
rElec   +            (no cloak)
rCorr   .            (no gloves)
SInv    .            (no boots)
Will    .....        (no amulet)
Stlth   +            (no ring)
HPRegen 0.22/turn    (no ring)
MPRegen 0.08/turn

%: no passive effects
@: no status effects
A: sickness immunity, AC +2, negative energy resistance 1, electricity
resistance, torment resistance 1, petrification resistance
a: no special abilities


You were on level 1 of the Dungeon.
You visited 1 branch of the dungeon, and saw 1 of its levels.

You collected 4 gold pieces.


Innate Abilities, Weirdness & Mutations

You are immune to sickness and miasma.
Your stone body is resilient. (AC +2)
You are immune to poison.
You resist negative energy. (rN+)
You are resistant to electric shocks. (rElec)
You are resistant to unholy torment.
You are immune to petrification.


   Skills:
 - Level 1.1 Fighting
 + Level 2.2 Ranged Weapons
 - Level 1.5 Dodging
 - Level 1.0 Spellcasting
 - Level 2.6 Hexes


You had one spell level left.
You knew the following spells:

 Your Spells              Type           Power      Damage    Failure   Level
a - Slow                  Hex            28%        N/A       10%         1

Your spell library contained the following spells:

 Spells                   Type           Power      Damage    Failure   Level
 Inner Flame              Hex/Fire       4%         N/A       43%         3
 Portal Projectile        Hex/Tloc       8%         N/A       43%         3
 Cause Fear               Hex            3%         N/A       67%         4

Inventory:

Hand Weapons
 a - a +1 sling (weapon)
Armour
 c - a +0 robe (worn)
Scrolls
 b - a scroll of poison
Potions
 d - a potion of cancellation {unknown}

Dungeon Overview and Level Annotations

Branches:
Dungeon (1/15)

Altars:


Message History

The sling bullet hits the goblin but does no damage.
You hear a shout!
The goblin hits you but does no damage.
A kobold comes into view.
It is wielding a +0 dagger of protection.
A jackal comes into view.
The jackal barks!
You shoot a sling bullet.
The sling bullet hits the hobgoblin but does no damage.
The goblin hits you with a +0 club. The hobgoblin hits you.
The hobgoblin misses you. The goblin hits you with a +0 club.
You shoot a sling bullet. The sling bullet hits the hobgoblin.
The hobgoblin is moderately wounded.
The goblin misses you. The hobgoblin closely misses you.
A jackal comes into view.
You shoot a sling bullet. The jackal barks!
The sling bullet hits the hobgoblin.
The hobgoblin is heavily wounded.
The goblin hits you but does no damage. The hobgoblin closely misses you.
You shoot a sling bullet.
The sling bullet barely misses the hobgoblin.
The sling bullet barely misses the jackal.
The goblin completely misses you.
The hobgoblin hits you but does no damage.
You shoot a sling bullet. The sling bullet hits the hobgoblin.
The hobgoblin is almost dead.
The goblin hits you but does no damage. The hobgoblin misses you.
The goblin closely misses you. The hobgoblin closely misses you.
You shoot a sling bullet.
The sling bullet closely misses the hobgoblin.
The sling bullet hits the jackal but does no damage.
The goblin hits you with a +0 club.
The hobgoblin hits you but does no damage.
You shoot a sling bullet. The sling bullet hits the hobgoblin.
You kill the hobgoblin!
The goblin hits you with a +0 club. The jackal closely misses you.
You shoot a sling bullet. The sling bullet hits the jackal.
You kill the jackal!
The goblin hits you with a +0 club.
You die...

.#.##. ...... ## .#....
.. # .#...... #.#.#.
.......#..#######
......##.........#..%%.%
.....Khg.........#...%..
#@.........#..%%%.
#..........#%<.###
##..###..........#.%%%..
.................#.%..%.
#.######.........#......
##........#######
###.##.#....#...
#....#..#.#...
###...........


You could see a jackal, a goblin and a kobold.

Vanquished Creatures
  A giant cockroach (D:1)
  A hobgoblin (D:1)
  A jackal (D:1)
3 creatures vanquished.

Notes
Turn   | Place    | Note
-------+----------+-------------------------------------------
     0 | D:1      | qw the Gargoyle Hexslinger began the quest for the Orb.
     0 | D:1      | Reached XP level 1. HP: 12/12 MP: 2/2
     0 | D:1      | 0 ||| qw: Version: 0.3-a-51-g015441d
     0 | D:1      | 0 ||| qw: Game counter: 4136
     0 | D:1      | 0 ||| qw: Melee chars always use a shield: true
     0 | D:1      | 0 ||| qw: God list: Okawaru
     0 | D:1      | 0 ||| qw: Allow faded altars: false
     0 | D:1      | 0 ||| qw: Do Orc after clearing Dungeon:15 true
     0 | D:1      | 0 ||| qw: Do second Lair branch before Depths: true
     0 | D:1      | 0 ||| qw: Lair rune preference: random
     0 | D:1      | 0 ||| qw: Goals: Normal
     0 | D:1      | 0 ||| PLANNING D:1-11
    75 | D:1      | Slain by a goblin

Levels and vault maps discovered:
D:1:      heliophobic_arrival_battle_scene, layout_rooms,
          shapermc_ecumenical_altar_mp_highgroup

Action                     || total
---------------------------++-------
   Fire: Sling             ||    17
 Armour: Robe              ||     5
  Dodge: Dodged            ||    11

Table legend:
 A = Non-vault XP
 B = Vault XP
 C = Vault XP percentage of total XP
 D = Non-vault monster count
 E = Vault monster count
 F = Vault count percentage of total count
                 A         B        C        D         E       F
            +---------+---------+-------+---------+---------+-------
      Total |       6 |       0 |   0.0 |       3 |       0 |   0.0
            +---------+---------+-------+---------+---------+-------
        D:1 |       6 |       0 |   0.0 |       3 |       0 |   0.0
            +---------+---------+-------+---------+---------+-------
